 Dungeon Crawl Stone Soup version 0.29.1-15-g9cfb28693d (webtiles) character file.

Game seed: 4011994086721639625

58 Heoruswealwe the Conjurer (level 3, -6/17 HPs)
             Began as a Deep Elf Conjurer on May 3, 2023.
             Was a Believer of Hepliaklqana.
             Mangled by a gnoll
             ... wielding a +0 halberd
              (15 damage)
             ... on level 3 of the Dungeon.
             The game lasted 00:14:25 (1509 turns).

Heoruswealwe the Conjurer (Deep Elf Conjurer)       Turns: 1509, Time: 00:14:26

Health: -6/17      AC:  3    Str:  4    XL:     3   Next: 76%
Magic:  1/11       EV: 12    Int: 24    God:    Hepliaklqana [**....]
Gold:   86         SH:  0    Dex: 13    Spells: 8/11 levels left

rFire   . . .      SeeInvis .   b - +0 falchion
rCold   . . .      Faith    .   (no shield)
rNeg    . . .      Spirit   .   c - +0 robe
rPois   .          Reflect  .   g - +0 helmet
rElec   .          Harm     .   (no cloak)
rCorr   .          Rampage  .   (no gloves)
Will    .....                   (no boots)
Stlth   ++........              (no amulet)
HPRegen 0.05/turn               (no ring)
MPRegen 0.12/turn               (no ring)

@: no status effects
A: reduced essence
a: Renounce Religion, Recall Ancestor, Ancestor Identity


You were on level 3 of the Dungeon.
You worshipped Hepliaklqana.
Hepliaklqana was pleased with you.
You visited 1 branch of the dungeon, and saw 3 of its levels.

You collected 86 gold pieces.

Inventory:

Hand Weapons
 b - a +0 falchion (weapon)
Armour
 c - a +0 robe (worn)
 g - a +0 helmet (worn)
 q - a +0 robe
Scrolls
 d - a scroll of torment {unknown}
 f - a scroll of teleportation {unknown}
 m - a scroll of noise {unknown}
 o - a scroll of vulnerability {unknown}
 r - a scroll of amnesia {unknown}
Potions
 e - a potion of attraction {unknown}
 h - a potion of magic
 i - 2 potions of haste {unknown}
 k - a potion of ambrosia {unknown}
 l - 2 potions of lignification {unknown}
 n - a potion of berserk rage {unknown}
 p - a potion of invisibility {unknown}


   Skills:
 - Level 2.4 Dodging
 - Level 2.4 Stealth
 + Level 4.5 Spellcasting
 + Level 5.2 Conjurations


You had 8 spell levels left.
You knew the following spells:

 Your Spells              Type           Power      Damage    Failure   Level
a - Magic Dart            Conj           100%       1d8       1%          1
b - Searing Ray           Conj           60%        2d6       1%          2

Your spell library contained the following spells:

 Spells                   Type           Power      Damage    Failure   Level
 Sting                    Tmut/Pois      20%        1d4       10%         1
 Dazzling Flash           Conj/Hex       36%        N/A       10%         3
 Poisonous Vapours        Pois/Air       10%        N/A       14%         2
 Fulminant Prism          Conj/Hex       9%         3d7       30%         4
 Iskenderun's Mystic Bla  Conj/Tloc      18%        2d6       30%         4
 Olgreb's Toxic Radiance  Pois           5%         N/A       67%         4


Dungeon Overview and Level Annotations

Branches:
Dungeon (3/15)

Altars:
Hepliaklqana

Annotations:
D:3 whoami1i1i1i's ghost, weakling DEFE


Message History

Whoami1i1i1i's ghost closely misses Zhah.
The magic dart hits the goblin.
You kill the goblin!
Zhah closely misses whoami1i1i1i's ghost.
Zhah blocks whoami1i1i1i's ghost's attack.
Zhah avoids your attack.
The magic dart hits whoami1i1i1i's ghost but does no damage.
Whoami1i1i1i's ghost is severely damaged.
Zhah barely misses whoami1i1i1i's ghost.
Whoami1i1i1i's ghost hits Zhah.
Zhah barely misses whoami1i1i1i's ghost.
Whoami1i1i1i's ghost whispers, "Death doesn't hurt.
What you feel is life."
Whoami1i1i1i's ghost closely misses Zhah.
The gnoll hits Zhah with a +0 halberd!
Zhah is destroyed!
The magic dart hits whoami1i1i1i's ghost.
Whoami1i1i1i's ghost is severely damaged.
The magic dart hits whoami1i1i1i's ghost but does no damage.
Whoami1i1i1i's ghost is severely damaged.
The magic dart hits whoami1i1i1i's ghost but does no damage.
Whoami1i1i1i's ghost is severely damaged.
You open the door.
A bat comes into view.
The gnoll hits you from afar with a +0 halberd.
The magic dart hits whoami1i1i1i's ghost.
Whoami1i1i1i's ghost is severely damaged.
The gnoll closely misses you. Whoami1i1i1i's ghost hits you.
It was a potion of heal wounds.
You feel much better.
The bat hits you but does no damage. x2; Whoami1i1i1i's ghost hits you.
The bat hits you but does no damage. The gnoll closely misses you.
The magic dart hits whoami1i1i1i's ghost but does no damage.
Whoami1i1i1i's ghost is severely damaged.
The bat hits you but does no damage. Whoami1i1i1i's ghost hits you.
The gnoll closely misses you.
The magic dart hits whoami1i1i1i's ghost but does no damage.
Whoami1i1i1i's ghost is severely damaged.
The bat hits you. The bat closely misses you.
The gnoll hits you from afar with a +0 halberd!
Ouch! That really hurt!
You die...

#.........#
+.........+
......... ..
....... ... .....
#.# # ... #.##.#
#b# ....
#@###########.#
#.W..)........#
#.rg..........#
#...###'''###..#
#....#......[#..#
.......#.......#..#
#####..#.##.##.#..#
...#.##.##.#..#
##..#.##.##.#..#


You could see whoami1i1i1i's ghost, a gnoll, a bat and a rat.

Vanquished Creatures
  2 adders (D:2)
  4 ball pythons
  A bat (D:2)
  4 endoplasms
  2 giant cockroaches
  5 goblins
  3 hobgoblins
  2 jackals (D:1)
  5 kobolds
  3 rats
31 creatures vanquished.

Vanquished Creatures (collateral kills)
  A dart slug (D:1)
  A hobgoblin (D:2)
  A quokka (D:2)
3 creatures vanquished.

Vanquished Creatures (others)
  A knight (D:3)
1 creature vanquished.

Grand Total: 35 creatures vanquished

Notes
Turn   | Place    | Note
-------+----------+-------------------------------------------
     0 | D:1      | Heoruswealwe the Deep Elf Conjurer began the quest for the
                  | Orb.
     0 | D:1      | Reached XP level 1. HP: 10/10 MP: 6/6
   185 | D:1      | Found a faded altar of an unknown god.
   201 | D:1      | Reached XP level 2. HP: 15/15 MP: 0/8
   213 | D:1      | Prayed at the altar of an unknown god.
   213 | D:1      | Became a worshipper of Hepliaklqana the Forgotten
   213 | D:1      | Reached * piety under Hepliaklqana
   608 | D:1      | Learned a level 2 spell: Searing Ray
   801 | D:2      | Reached ** piety under Hepliaklqana
   810 | D:2      | Remembered your ancestor Zhah as a knight
   889 | D:2      | Reached XP level 3. HP: 15/17 MP: 6/10
   907 | D:2      | Reached skill level 5 in Conjurations
  1466 | D:3      | Found a runed translucent gate.
  1466 | D:3      | Found a runed translucent gate.
  1467 | D:3      | Found a runed translucent gate.
  1475 | D:3      | Noticed whoami1i1i1i's ghost (weakling DEFE)
  1509 | D:3      | Mangled by a gnoll

Illustrated notes

Levels and vault maps discovered:
D:1:      psy_arrival_whirlpool, layout_basic,
          hellmonk_ecumenical_altar_dog_temple, nrook_mini_backslash,
          st_stairs_6
D:2:      layout_basic
D:3:      minmay_evil_eye, layout_loops_corners, gammafunk_ghost_split,
          nrook_mini_vaults, grunt_ministairs_11, uniq_jessica

Skill      XL: |  1  2  3 |
---------------+----------+-----
Spellcasting   | 4 |  4.5
Conjurations   | 5 |  5.2
Dodging        | |  2.4
Stealth        | |  2.4

Action                   || total
-------------------------++-------
Melee: Falchion          ||    10
 Cast: Magic Dart        ||    62
Invok: Ancestor Life: Kn ||     1
       Ancestor Identity ||     1
  Use: Scroll            ||     1
       Potion            ||     1
 Stab: Sleeping          ||     1
Armor: Robe              ||     5
Dodge: Dodged            ||    16
